 Dungeon Sprint DCSS version 0.31-a0-716-gc7603755dd (webtiles) character file.

Game seed: 13661149433956702984

136 rocky1 the Trooper (level 5, -8/45 HPs)
             Began as a Djinni Fighter on Sept 11, 2023.
             Mangled by a shadow (32 damage)
             ... in the Dungeon (Sprint III: "The Ten Rune Challenge").
             The game lasted 00:00:58 (562 turns).

rocky1 the Trooper (Djinni Fighter)                  Turns: 562, Time: 00:00:59

Health: -8/45      AC:  7    Str: 15    XL:     5   Next: 43%
Gold:   46         EV:  9    Int:  9    God:
                   SH:  5    Dex: 15

rFire   + + .        a - +0 long sword
rCold   x . .        c - +0 buckler
rNeg    . . .        b - +0 scale mail
rPois   ∞            (no helmet)
rElec   .            (no cloak)
rCorr   .            (no gloves)
SInv    .            (boots unavailable)
Will    .....        (no amulet) Stlth
                     (no ring)
HPRegen 0.27/turn    (no ring)
MPRegen 0.00/turn

%: no teleportation, infuse magic (-9 HP)
@: flying
A: sickness immunity, fire resistance 2, cold vulnerability 1, float, innate
caster, HP casting, extra vitality 1
a: no special abilities


You were in the Dungeon.
You visited 1 branch You collected 46 gold pieces.

Inventory:

Hand Weapons
 a - a +0 long sword (weapon)
Armour
 b - a +0 scale mail (worn)
 c - a +0 buckler (worn)
Scrolls
 i - a scroll of blinking
 k - a scroll of immolation {unknown}
 l - a scroll of identify {unknown}
 m - a scroll of torment {unknown}
 n - a scroll of vulnerability {unknown}
Potions
 d - 2 potions of might
 e - a potion of curing
 g - a potion of haste
 j - 4 potions of mutation
 o - a potion of lignification {unknown}
 p - 2 potions of enlightenment


   Skills:
 + Level 5.8 Fighting
 + Level 4.8 Long Blades
 + Level 5.7 Armour
 + Level 1.3 Dodging
 + Level 5.4 Shields


You knew the following spells:

 Your Spells              Type           Power      Damage    Failure   Level
a - Kiss of Death         Conj/Necr      0%         2d5       88%         1
b - Scorch                Fire           0%         2d5       95%         2
Your spell library was empty.

Dungeon Overview and Level Annotations

Branches:
Dungeon (1/1)

Altars:


Innate Abilities, Weirdness & Mutations

You are immune to sickness and miasma.
You are immune to poison.
Your flesh is very heat resistant. (rF++)
You are vulnerable to cold. (rC-)
You float through the air rather than walking.
You learn spells naturally, not from books.
Your magical power is your life essence.
You have superior vitality. (+4 MHP)


Message History

The jelly is almost dead.
The jelly completely misses you. The jelly barely misses you.
You hit the jelly.
You kill the jelly!
You start resting.
HP restored.
You start waiting.
You start waiting.
A shadow comes into view.
The shadow slips into darkness.
The shadow flickers and vanishes!
Deactivating autopickup; reactivate with Ctrl-A.
There is an open door here.
Unknown command.
The shadow strikes at you from the darkness!
Reactivating autopickup.
You barely miss the shadow.
The shadow slips into darkness.
The shadow flickers and vanishes!
Deactivating autopickup; reactivate with Ctrl-A.
You hit something but do no damage.
The shadow strikes at you from the darkness!
Ouch! That really hurt!
* * * LOW HITPOINT WARNING * * *
Reactivating autopickup.
You feel much better. The shadow hits you.
You hit the shadow but do no damage. You block the shadow's attack.
The shadow hits you.
You hit the shadow.
The shadow is moderately damaged.
You block the shadow's attack.
You hit the shadow.
The shadow is heavily damaged.
The shadow slips into darkness.
The shadow flickers and vanishes!
Deactivating autopickup; reactivate with Ctrl-A.
You barely miss something.
The shadow strikes at you from the darkness!
Ouch! That really hurt!
You die...

▓▓ ▓▓▓ .♣ ♣.# .♣
♣.# .♣♣ ♣♣.# ~.♣
♣..###+#+###+##
~♣♣♣♣♣.#..........#
~~..♣..'.⌠........#
≈~~~.♣.#...######'#
~~~....#.⌠.# #{@.#
~~.....#...# #...#
.......#+### #...#
.......# #...+
.......# +...#
▓▓▓▓▓▓▓▓ ▓▓▓▓▓


There were no monsters in sight!

Vanquished Creatures
  A water elemental (D)
  A jelly (D)
  Jessica (D)
  A human (D)
  A phantom (D)
  2 rats (D)
7 creatures vanquished.

Notes
Turn   | Place    | Note
-------+----------+-------------------------------------------
     0 | D        | rocky1 the Djinni Fighter began the quest for the Orb.
     0 | D        | Reached XP level 1. HP: 20/20 MP: 0/0
    26 | D        | Noticed Jessica
    29 | D        | Killed Jessica
    30 | D        | Reached XP level 2. HP: 26/26 MP: 0/0
    30 | D        | Reached XP level 3. HP: 31/31 MP: 0/0
    30 | D        | Learned a level 1 spell: Kiss of Death
   111 | D        | Reached XP level 4. HP: 38/38 MP: 0/0
   211 | D        | Noticed a water elemental
   220 | D        | Killed a water elemental
   221 | D        | Reached skill level 5 in Fighting
   221 | D        | Reached skill level 5 in Armour
   221 | D        | Reached skill level 1 in Dodging
   221 | D        | Reached skill level 5 in Shields
   221 | D        | Reached XP level 5. HP: 43/43 MP: 0/0
   221 | D        | Learned a level 2 spell: Scorch
   554 | D        | Noticed a shadow
   557 | D        | HP: 2/45 [something (25)]
   562 | D        | Mangled by a shadow

Illustrated notes

Levels and vault maps discovered:
D:        dungeon_sprint_mu [sprint_mu_entry_forest, sprint_mu_temple_rooms,
          sprint_mu_d1_spiders, sprint_mu_d2_genie, sprint_mu_d3_branching,
          sprint_mu_orc_legion, sprint_mu_elf_gauntlet, sprint_mu_hive_nellie,
          sprint_mu_lair_fedhas, sprint_mu_vaults_butterflies,
          sprint_mu_slime_circle, sprint_mu_swamp_cave, sprint_mu_shoals_kraken,
          sprint_mu_blade_basic, sprint_mu_crypt_fortress,
          sprint_mu_tomb_spiral, sprint_mu_vestibule_basic,
          sprint_mu_gehenna_hellfire, sprint_mu_dis_giant,
          sprint_mu_tartarus_statrot, sprint_mu_cocytus_islands, sprint_mu_zot1]

Skill      XL: |  1  2  3  4 |
---------------+-------------+-----
Fighting       | 4 5 |  5.8
Long Blades    | 3 4 |  4.8
Armour         | 4 5 |  5.7
Shields        | 4 5 |  5.4
Dodging        | 1 |  1.3

Action                     |  1- 3 |  4- 6 || total
---------------------------+-------+-------++-------
  Melee: Long sword        |    33 |    19 ||    52
    Use: Potion            |       |     2 ||     2
 Armour: Scale mail        |    14 |    11 ||    25
  Dodge: Dodged            |     7 |     4 ||    11
  Block: Buckler           |    11 |     3 ||    14

Table legend: (Time is in decaauts)
 A = Elapsed time spent in this place.
 B = Non-inter-level travel time spent in this place.
 C = Inter-level travel time spent in this place.
 D = Time resting spent in this place.
 E = Time spent auto-exploring this place.
 F = Levels seen in this place.
 G = Mean time per level.
                   A        B        C        D        E       F      G
               +--------+--------+--------+--------+--------+-----+--------+
         Total |    581 |    581 |      0 |    421 |      0 |   1 |  581.0 |
       Dungeon |    581 |    581 |      0 |    421 |      0 |   1 |  581.0 |
               +--------+--------+--------+--------+--------+-----+--------+

Top non-repeatable levels by time:
       D: 581 daAuts
